 Dungeon Crawl Stone Soup version 0.28.0 (webtiles) character file.

Game seed: 15152967508793466

9 HallandMoats the Skirmisher (level 2, 20/24 HPs)
             Began as a Demonspawn Fighter on Feb 6, 2022.
             Got out of the dungeon alive.
             The game lasted 00:00:10 (63 turns).

HallandMoats the Skirmisher (Demonspawn Fighter)      Turns: 63, Time: 00:00:10

Health: 20/24      AC:  6    Str: 16    XL:     2   Next: 3%
Magic:  2/2        EV:  8    Int:  9    God:
Gold:   0          SH:  4    Dex: 12    Spells: 1/1 levels left

rFire   . . .      SeeInvis .   a - +0 war axe
rCold   . . .      Faith    .   c - +0 buckler
rNeg    . . .      Spirit   .   b - +0 scale mail
rPois   .          Reflect  .   (no helmet)
rElec   .          Harm     .   (no cloak)
rCorr   .          Rampage  .   (no gloves)
Will    .....                   (no boots)
Stlth   ..........              (no amulet)
HPRegen 0.08/turn               (no ring)
MPRegen 0.08/turn               (no ring)

@: no status effects
A: demonic magic 1
a: no special abilities


You escaped.
You visited 1 branch of the dungeon, and saw 1 of its levels.

Inventory:

Hand Weapons
 a - a +0 war axe (weapon)
Armour
 b - a +0 scale mail (worn)
 c - a +0 buckler (worn)
Potions
 d - a potion of might


   Skills:
 * Level 3.1 Fighting
 * Level 1.9 Axes
 + Level 2.7 Armour
 + Level 0.2 Dodging
 + Level 2.7 Shields
 * Level 1.0 Invocations


You had one spell level left.
You didn't know any spells.
Your spell library was empty.

Dungeon Overview and Level Annotations

Branches:
Dungeon (1/15)

Altars:


Innate Abilities, Weirdness & Mutations

Spells you cast may paralyse adjacent enemies.


Message History

You see here a jackal corpse.
You hit the ball python.
The ball python is severely wounded.
You block the ball python's attack. The ball python constricts you.
You hit the ball python but do no damage.
The ball python is severely wounded.
The bat hits you but does no damage. You block the ball python's attack.
The ball python constricts you.
The jackal bites you but does no damage.
You block the ball python's attack. The ball python constricts you.
You hit the ball python.
You kill the ball python!
You hit the jackal but do no damage. The bat barely misses you.
The jackal barely misses you. The jackal bites you.
The frilled lizard bites you but does no damage.
You barely miss the frilled lizard. You slash the jackal!
You kill the jackal!
The bat hits you but does no damage. The frilled lizard closely misses you.
You slash the bat!
You kill the bat!
You closely miss the kobold. You miss the frilled lizard.
The frilled lizard bites you but does no damage.
The kobold hits you with a +0 short sword.
The frilled lizard bites you.
You hit the frilled lizard.
You kill the frilled lizard!
You slash the kobold!
You kill the kobold!
Your Invocations skill increases to level 1!
You have reached level 2!
Your demonic ancestry asserts itself...
A menacing aura infuses your magic.
(D) Dungeon
Where to? (? - help)
What level of the Dungeon? (default 1, ? - help)
You see here a bat corpse.
There is an open door here.
There is a staircase leading out of the dungeon here.
Are you sure you want to leave the Dungeon?
This will make you lose the game!
You have escaped!

#######.....#
########.....#....##
#.....##...#.....###
#.....##.≈.###.###
#.....##.≈.# ###
#.....'..≈.#
#.....##.≈.#
#.....##...#
#..@..##...#
#.....##.8.#
########...# #####


There were no monsters in sight!

Vanquished Creatures
  A ball python (D:1)
  3 jackals (D:1)
  A kobold (D:1)
  2 bats (D:1)
  A frilled lizard (D:1)
8 creatures vanquished.

Notes
Turn   | Place    | Note
-------+----------+-------------------------------------------
     0 | D:1      | HallandMoats the Demonspawn Fighter began the quest for the
                  | Orb.
     0 | D:1      | Reached XP level 1. HP: 18/18 MP: 1/1
    39 | D:1      | Reached skill level 1 in Invocations
    39 | D:1      | Gained mutation: Spells you cast may paralyse adjacent
                  | enemies. [demonic ancestry]
    39 | D:1      | Reached XP level 2. HP: 18/24 MP: 2/2
    63 | D:$      | Got out of the dungeon alive.

Illustrated notes

Levels and vault maps discovered:
D:1:      dpeg_arrival_rooms_c, layout_rooms, ebering_ecumenical_altar_petrified

Skill      XL: |  1 |
---------------+----+-----
Invocations    | 1 |  1.0
Fighting       | |  3.1
Axes           | |  1.9
Armour         | |  2.7
Dodging        | |  0.2
Shields        | |  2.7

Action                   || total
-------------------------++-------
Melee: War axe           ||     9
Armor: Scale mail        ||     7
Dodge: Dodged            ||     6
Block: Buckler           ||     3
